 Dungeon Crawl Stone Soup version 0.20-a0-208-g55166f7 (webtiles) character file.

12714 KristoblXynda the Nimble (level 11, -10/118 HPs)
             Began as a Green Draconian Hunter on Nov 25, 2016.
             Was a Priest of Makhleb.
             Mangled by a black mamba (16 damage)
             ... on level 2 of the Lair of Beasts.
             The game lasted 00:44:02 (13992 turns).

KristoblXynda the Nimble (Green Draconian Hunter)  Turns: 13992, Time: 00:44:02

Health: -10/118    AC: 14    Str: 26    XL:     11   Next: 66%
Magic:  15/15      EV: 17    Int: 13    God:    Makhleb [***...]
Gold:   379        SH:  0    Dex: 11    Spells: 7/10 levels left

rFire  . . .     SeeInvis +     y - +1 war axe (flame)
rCold  . . .     Gourm    .     (armour unavailable)
rNeg   . . .     Faith    .     (no shield)
rPois  +         Spirit   .     (helmet restricted)
rElec  .         Reflect  .     F - +1 cloak
rCorr  .         Harm     .     n - +1 pair of gloves
MR     .....     Clarity  +     q - +2 pair of boots of the Assassin {DetectMon Stab+ Stlth++}
Stlth  ..........               (no amulet)
                                k - +4 ring of strength
                                l - ring of see invisible

@: berserking, lethally poisoned (-10 -> -13), very quick
A: breathe noxious fumes, unfitting armour, clarity, poison resistance,
cold-blooded, AC +7
a: Breathe Noxious Fumes, Minor Destruction, Lesser Servant of Makhleb, Renounce
Religion


You were on level 2 of the Lair of Beasts.
You worshipped Makhleb.
Makhleb was most pleased with you.
You were not hungry.

You visited 3 branches of the dungeon, and saw 13 of its levels.
You also visited: Ossuary.

You collected 758 gold pieces.
You spent 379 gold pieces at shops.

Inventory:

Hand Weapons
 y - a +1 war axe of flaming (weapon)
Missiles
 h - 4 javelins (quivered)
Armour
 n - a +1 pair of gloves (worn)
 q - the +2 pair of boots of the Assassin (worn) {DetectMon Stab+ Stlth++}
   (You bought it in a shop on level 6 of the Dungeon)

   It makes you much more stealthy.
 F - a +1 cloak (worn)
Jewellery
 k - a +4 ring of strength (right hand)
 l - a ring of see invisible (left hand)
Wands
 a - a wand of iceblast (5/15)
 i - a wand of digging (9/24)
 v - a wand of confusion (12/48)
 w - a wand of iceblast (7/15)
Scrolls
 b - a scroll of summoning
 c - a scroll of fear
 t - 4 scrolls of teleportation
Potions
 g - 3 potions of might
Books
 e - a book of Air

   Spells                             Type                      Level
   a - Shock                          Conjuration/Air              1
   b - Swiftness                      Charms/Air                   2
   c - Repel Missiles                 Charms/Air                   2
   d - Static Discharge               Conjuration/Air              3
   e - Lightning Bolt                 Conjuration/Air              5
Comestibles
 d - 6 bread rations
 f - 4 beef jerkies
 r - 5 fruits
 z - 6 royal jellies


   Skills:
 - Level 2.1 Fighting
 + Level 9.6(10.0) Axes
   Level 4.3(7.5) Maces & Flails
 - Level 8.0 Throwing
 - Level 10.0 Dodging
 + Level 1.4 Stealth
 - Level 6.2 Invocations
 - Level 5.7 Evocations


You had 7 spell levels left.
You knew the following spells:

 Your Spells              Type           Power        Failure   Level  Hunger
a - Magic Dart            Conj           #...         30%         1    ##.....
b - Repel Missiles        Chrm/Air       #.....       47%         2    ###....


Dungeon Overview and Level Annotations

Branches:
Dungeon (10/15)            Temple (1/1) D:7            Lair (2/6) D:8
    Orc (0/2) D:9
  Swamp: Lair:2-4    Shoals: Lair:2-4     Snake: Lair:2-4    Spider: Lair:2-4

Altars:
Ashenzari
Cheibriados
Dithmenos
Elyvilon
Fedhas
Gozag
Hepliaklqana
Kikubaaqudgha
Makhleb
Nemelex Xobeh
Okawaru
Qazlal
Ru
Sif Muna
Trog
Uskayaw
Vehumet
Xom
Yredelemnul
Zin
The Shining One

Shops:
D:5 [   D:6 ::*   D:8 %   D:10 :

Annotations:
D:6 Prince Ribbit


Innate Abilities, Weirdness & Mutations

You can breathe blasts of noxious fumes.
Your lurid green scales are hard. (AC +7)
You cannot fit into any form of body armour.
Your system is resistant to poisons. (rPois)
You are cold-blooded and may be slowed by cold attacks.
You possess an exceptional clarity of mind.


Message History

The black mamba barely misses you.
You barely miss the black mamba.
You feel sick. The black mamba barely misses you. The black mamba bites you!
* * * LOW HITPOINT WARNING * * *
You closely miss the black mamba.
* * * LOW HITPOINT WARNING * * *
You feel sick. The black mamba barely misses you.
The black mamba bites you but does no damage.
Unknown command.
A red film seems to cover your vision as you go berserk!
You feel yourself moving faster!
You feel mighty!
You feel sick. The black mamba bites you.
* * * LOW HITPOINT WARNING * * *
Unknown command.
You barely miss the black mamba.
Your tail-slap misses the black mamba.
The black mamba closely misses you. x2
You barely miss the black mamba.
You tail-slap the black mamba, but do no damage.
You feel sick. The black mamba bites you!
You die...

.#.##...####..##..#
.....#..##.....†..#
....#..†.#........##
.....+.............#
........##./Y....%.#
....##...#..Y.....##
....#...#..Y.#Y#### .
...###...#..#Y######....
........)....YYS@.......
#.####..##P########.###.
##.# ### ### ##


You could see a black mamba and 3 yaks.

Vanquished Creatures
  A hydra (Lair:1)
  Erica (D:8)
  An unseen horror (D:10)
  Psyche (D:9)
  A spiny frog (Lair:1)
  A komodo dragon (Lair:1)
  A queen bee (D:9)
  A troll (D:9)
  A hornet (D:7)
  3 hippogriffs
  2 basilisks (Lair:2)
  14 yaks
  A wyvern (Lair:1)
  A hungry ghost (D:7)
  A steam dragon (D:9)
  Menkaure (D:5)
  2 porcupines
  5 water moccasins
  5 orc warriors
  2 black bears
  5 ice beasts
  2 phantoms
  3 centaurs
  6 ogres
  3 crocodiles
  The ghost of Iwannabefree the Caller, an amateur DESu (D:3)
  A big kobold (D:7)
  11 bullfrogs
  A gnoll sergeant (D:7)
  2 scorpions
  16 killer bees
  A howler monkey (D:4)
  3 crimson imps
  A bullfrog zombie (D:9)
  A lava snake (D:10)
  2 bullfrog skeletons
  3 jellies
  6 orc priests
  3 hounds
  Crazy Yiuf (D:5)
  3 iguanas
  8 orc wizards
  Natasha (thrice) (D:2)
  4 worker ants
  A hound zombie (D:8)
  4 mummies (Ossuary)
  Robin (D:3)
  A howler monkey skeleton (D:7)
  14 adders
  4 gnolls (D:7)
  A shadow imp (D:6)
  An ooze (D:2)
  2 adder skeletons
  2 worms
  A dart slug (D:1)
  4 leopard geckos
  44 orcs
  2 ball pythons
  4 giant cockroaches
  A gnoll zombie (Ossuary)
  17 goblins
  13 hobgoblins
  12 jackals
  13 kobolds
  5 quokkas
  13 bats
  5 frilled lizards
  A gnoll skeleton (Ossuary)
  2 goblin skeletons (Ossuary)
  3 goblin zombies (Ossuary)
  2 hobgoblin skeletons (Ossuary)
  5 hobgoblin zombies (Ossuary)
  A jackal skeleton (D:4)
  5 kobold skeletons (Ossuary)
  2 kobold zombies (Ossuary)
  3 orc skeletons (Ossuary)
  4 orc zombies (Ossuary)
  6 rats
  3 rat skeletons (Ossuary)
  3 rat zombies (Ossuary)
  A fungus (Lair:2)
342 creatures vanquished.

Vanquished Creatures (collateral kills)
  A killer bee (D:8)
1 creature vanquished.

Vanquished Creatures (others)
  2 killer bees
  2 gnoll skeletons (Ossuary)
  2 goblin skeletons (Ossuary)
  A goblin zombie (Ossuary)
  A hobgoblin skeleton (Ossuary)
  A hobgoblin zombie (Ossuary)
  A kobold skeleton (Ossuary)
  2 kobold zombies (Ossuary)
  3 orc skeletons (Ossuary)
  2 orc zombies (Ossuary)
  A rat zombie (Ossuary)
  3 fungi (Lair:2)
  2 plants (Lair:2)
23 creatures vanquished.

Grand Total: 366 creatures vanquished

Notes
Turn   | Place    | Note
-------+----------+-------------------------------------------
     0 | D:1      | KristoblXynda the Draconian Hunter began the quest for the Orb.
     0 | D:1      | Reached XP level 1. HP: 17/17 MP: 1/1
    53 | D:1      | Reached skill level 2 in Dodging
   156 | D:1      | Reached XP level 2. HP: 18/24 MP: 2/2
   894 | D:2      | Reached XP level 3. HP: 29/29 MP: 3/3
  1051 | D:2      | Noticed Natasha
  1144 | D:2      | Killed Natasha
  1144 | D:2      | Reached XP level 4. HP: 16/36 MP: 4/4
  1376 | D:2      | Reached skill level 3 in Dodging
  1732 | D:2      | Noticed Natasha
  1761 | D:2      | Killed Natasha
  1991 | D:3      | Noticed Robin
  2047 | D:2      | Reached XP level 5. HP: 36/41 MP: 5/5
  2190 | D:3      | Reached skill level 5 in Throwing
  2217 | D:2      | Noticed Natasha
  2240 | D:2      | Killed Natasha
  2317 | D:3      | Noticed Iwannabefree's ghost (amateur DESu)
  2714 | D:3      | Killed Iwannabefree's ghost
  2714 | D:3      | Reached skill level 4 in Dodging
  2714 | D:3      | Reached XP level 6. HP: 37/48 MP: 6/6
  3123 | D:3      | Killed Robin
  3257 | D:4      | Found a radiant altar of Vehumet.
  3257 | D:4      | Found a sacrificial altar of Ru.
  3259 | D:4      | Found an opulent altar of Gozag.
  3259 | D:4      | Found a snail-covered altar of Cheibriados.
  3264 | D:4      | Reached skill level 1 in Maces & Flails
  3962 | D:5      | Entered Level 5 of the Dungeon
  3962 | D:5      | Noticed Menkaure
  4195 | D:5      | Your scales start taking on a lurid green colour.
  4195 | D:5      | Reached XP level 7. HP: 49/55 MP: 7/7
  4195 | D:5      | Gained mutation: Your system is resistant to poisons. (rPois) [Green Draconian growth]
  4205 | D:5      | Reached skill level 5 in Dodging
  4293 | D:5      | Reached XP level 8. HP: 36/61 MP: 8/8
  4310 | D:5      | Killed Menkaure
  4316 | D:5      | Found a sand-covered staircase.
  4325 | Ossuary  | Entered an ossuary
  5431 | D:5      | Found Vuaduepse's Armour Shoppe.
  5660 | D:5      | Reached skill level 6 in Dodging
  5693 | D:5      | Found a white marble altar of Elyvilon.
  5827 | D:5      | Found a runed door.
  5831 | D:5      | Noticed Crazy Yiuf
  5836 | D:5      | Killed Crazy Yiuf
  5946 | D:6      | Found Bitijaj's Book Boutique.
  5967 | D:6      | Found Kicyokam's General Store.
  5972 | D:6      | Found Vyps's Book Shop.
  5989 | D:6      | Bought the +2 pair of boots of the Assassin {DetectMon Stab+ Stlth++} for 379 gold pieces
  6025 | D:6      | Reached skill level 1 in Axes
  6227 | D:6      | Noticed Prince Ribbit
  6425 | D:6      | Found a hazy altar of Hepliaklqana.
  6849 | D:7      | Noticed a hornet
  7252 | D:7      | Noticed a hippogriff
  7269 | D:7      | Killed a hippogriff
  7308 | D:7      | Reached XP level 9. HP: 65/67 MP: 9/9
  7329 | D:7      | Found a staircase to the Ecumenical Temple.
  7340 | Temple   | Entered the Ecumenical Temple
  7404 | Temple   | Became a worshipper of Makhleb the Destroyer
  7581 | D:7      | Reached skill level 7 in Dodging
  7893 | D:7      | Learned a level 1 spell: Magic Dart
  8099 | D:8      | Reached skill level 1 in Evocations
  8558 | D:8      | Found Yrremn's Food Shoppe.
  8601 | D:8      | Found a staircase to the Lair.
  8602 | D:8      | Noticed Erica
  8660 | D:8      | Found an ancient bone altar of Kikubaaqudgha.
  8691 | D:8      | Reached skill level 5 in Axes
  9084 | D:8      | Reached skill level 8 in Dodging
  9376 | D:9      | Reached * piety under Makhleb
  9384 | D:9      | Reached XP level 10. HP: 47/73 MP: 12/12
  9466 | D:9      | HP: 1/73 [yak (9)]
  9826 | D:9      | Noticed Psyche
  9881 | D:9      | Killed Psyche
  9888 | D:9      | Reached skill level 5 in Evocations
  9932 | D:9      | Reached ** piety under Makhleb
  9956 | D:9      | Found a staircase to the Orcish Mines.
 10280 | D:9      | Reached skill level 9 in Dodging
 10795 | D:10     | Entered Level 10 of the Dungeon
 10930 | D:10     | Found Gugeal's Book Shop.
 10979 | D:10     | Noticed an unseen horror
 11002 | D:10     | Killed an unseen horror
 11002 | D:10     | Reached skill level 1 in Invocations
 11520 | D:8      | Killed Erica
 11520 | D:8      | Reached XP level 11. HP: 66/79 MP: 15/15
 11558 | Lair:1   | Entered Level 1 of the Lair of Beasts
 11665 | Lair:1   | Reached skill level 10 in Dodging
 11897 | Lair:1   | Reached *** piety under Makhleb
 12358 | Lair:1   | Noticed an eight-headed hydra
 12630 | Lair:1   | Noticed a seven-headed hydra
 12636 | Lair:1   | Killed a four-headed hydra
 12636 | Lair:1   | Reached skill level 5 in Invocations
 12726 | Lair:1   | Gained mutation: You possess an exceptional clarity of mind. [potion of beneficial mutation]
 13399 | Lair:2   | HP: 3/79 [poisoned by a black mamba]
 13404 | Lair:2   | HP: 2/79 [poisoned by a black mamba]
 13409 | Lair:2   | HP: 2/79 [poisoned by a black mamba]
 13414 | Lair:2   | HP: 1/79 [poisoned by a black mamba]
 13665 | Lair:2   | Learned a level 2 spell: Repel Missiles
 13944 | Lair:2   | Reached skill level 1 in Stealth
 13992 | Lair:2   | Mangled by a black mamba

Vault maps used:
D:1:      tarquinn_simple_flora_water_e
D:2:      first_bread, minmay_tetromino_t4, uniq_natasha
D:3:      uniq_robin
D:4:      grunt_temple_overflow_open, serial_glass, glass_columns_a,
          glass_columns_b
D:5:      corexii_shack_village, lightli_ossuary_entry_decrepit_ruins,
          serial_shops, shop_statue, elyvilon_altar_3, uniq_crazy_yiuf_cottage,
          uniq_menkaure
D:6:      kennysheep_mini_moat, serial_shops, shop, nicolae_shop_stone, shop,
          uniq_prince_ribbit1
D:8:      kiku_gazebo_pond_becter, lair_entry_dummy, serial_shops,
          nicolae_shop_statue_plus, uniq_erica
D:9:      hiddenorc1_lemuel, david_nohive_1, uniq_psyche
D:10:     serial_shops, nicolae_shop_behind_doors, kennysheep_generic_room_2
Temple:   eino_wide_crystal_templ
Lair:1:   grunt_megastairs_2
Ossuary:  ossuary_due_pyramid

Skill      XL: |  1  2  3  4  5  6  7  8  9 10 11 |
---------------+----------------------------------+-----
Dodging        | 2 3 4 5 6 8 9 10 | 10.0
Throwing       | 4 5 6 7 8 |  8.0
Maces & Flails | 2 3 4 |  4.3
Axes           | 3 5 8 9 |  9.6
Evocations     | 3 5 |  5.7
Invocations    | 2 6 |  6.2
Stealth        | 1 |  1.4
Fighting       | |  2.1

Action                   |  1- 3 |  4- 6 |  7- 9 | 10-12 || total
-------------------------+-------+-------+-------+-------++-------
Melee: Short sword       |   138 |   162 |       |       ||   300
       Tailslap          |    12 |    40 |    61 |    59 ||   172
       Unarmed           |       |    35 |       |       ||    35
       Morningstar       |       |   208 |   240 |       ||   448
       War axe           |       |       |   336 |   497 ||   833
Throw: Javelin           |    16 |     2 |       |     4 ||    22
       Throwing net      |     1 |     1 |       |       ||     2
 Abil: Breathe Noxious F |       |       |    15 |    14 ||    29
Evoke: Wand              |       |       |     1 |     6 ||     7
  Use: Scroll            |       |    12 |     9 |     9 ||    30
       Potion            |       |     3 |     6 |     7 ||    16
 Stab: Sleeping          |     2 |       |     4 |     8 ||    14
       Confused          |       |       |     7 |     5 ||    12
       Distracted        |       |       |     1 |       ||     1
  Eat: Beef jerky        |     1 |       |     2 |     1 ||     4
       Chunk             |       |     7 |     4 |     7 ||    18
       Fruit             |       |     2 |       |     1 ||     3
       Meat ration       |       |     1 |     1 |     2 ||     4
       Pizza             |       |       |     1 |       ||     1
       Bread ration      |       |       |     2 |       ||     2
       Royal jelly       |       |       |       |     1 ||     1
Armor: Skin              |    46 |   181 |   263 |   185 ||   675
Dodge: Dodged            |    91 |   386 |   541 |   443 ||  1461
